AoeStats
← ptr0000

Nomad

509672803Analyzed
2v2 RM · 5d ago on Sep 27, 2026· 46m 16s· 4 players
Game mode
Random Map
Map size
176×176
Population
200
Speed
Normal
Resources
Standard
Victory
Conquest
Starting age
Dark Age
Ending age
Imperial Age
RankedLock teamsTeams togetherTeam positionsShared explorationLock speedFull tech treeHidden civsTurbo modeCheats
Victory
Defeat
🇹🇼 Koreans · Taiwan
1141
+16
🇻🇳 Huns · Vietnam
1119
+17
🇨🇭 Saracens · Switzerland
1158
-17
🇬🇧 Japanese · United Kingdom
1138
-16
ping3026
6:02 Loom
14:01 Feudal Age
19:50 Castle Age
18:05 Stone Mining
18:34 Double-Bit Axe
18:55 Fletching
18:59 Gold Mining
23:24 Bow Saw
29:53 Town Watch
35:39 Bodkin Arrow
37:29 Husbandry
40:55 Wheelbarrow
42:11 Ballistics
42:02 Masonry
42:55 Eupseong
43:01 Treadmill Crane
43:55 Hand Cart
49:07 Imperial Age
46:25 Horse Collar
Aura Guy
4:40 Loom
12:53 Feudal Age
13:25 Double-Bit Axe
20:24 Castle Age
19:00 Horse Collar
19:15 Gold Mining
20:02 Fletching
22:25 Wheelbarrow
22:37 Bow Saw
23:40 Padded Archer Armor
23:41 Bodkin Arrow
25:34 Padded Archer Armor
28:37 Medium Warships
29:15 Leather Archer Armor
29:05 Husbandry
30:31 Ballistics
30:17 Heavy Plow
31:39 Town Watch
33:38 Thumb Ring
34:44 Hand Cart
37:46 Imperial Age
37:53 Scale Barding Armor
37:58 Forging
38:29 Bloodlines
39:34 Two-Man Saw
38:05 Cavalier
39:09 Chain Barding Armor
38:50 Bracer
44:04 Iron Casting
44:14 Gold Shaft Mining
43:29 Stone Mining
45:03 Conscription
46:12 Parthian Tactics
46:02 Scale Mail Armor
46:46 Plate Barding Armor
46:03 Paladin
ptr0000
6:02 Loom
15:46 Feudal Age
17:08 Fletching
18:14 Forging
23:13 Castle Age
46:14 Double-Bit Axe
R4W
8:36 Loom
14:03 Feudal Age
19:36 Castle Age
19:27 Forging
19:19 Scale Mail Armor
20:22 Man-at-Arms
21:40 Iron Casting
21:20 Medium Warships
21:55 Arson
22:10 Squires
21:56 Gambesons
26:54 Double-Bit Axe
27:40 Fletching
28:24 Elite Skirmisher
29:50 Ballistics
31:05 Bodkin Arrow
33:52 Padded Archer Armor
37:08 Leather Archer Armor
41:12 Chain Mail Armor
45:39 Imperial Age
44:50 Pikeman
Connection lost

Rejoining the realm…

Still unreachable

The connection could not be restored.

Session expired

The server has moved on; the page needs a fresh start.